 Dungeon Crawl Stone Soup version 0.21-a0-265-gb353147 (console) character file.

21907 removed the Basher (level 12, 48/100 HPs)
             Began as a Demigod Venom Mage on Sept 12, 2017.
             Quit the game on level 2 of the Lair of Beasts.
             The game lasted 01:09:18 (20075 turns).

removed the Basher (Demigod Venom Mage)            Turns: 20075, Time: 01:09:19

Health: 48/100     AC: 18    Str: 17    XL:     12   Next: 27%
Magic:  23/23      EV: 18    Int: 27    God:
Gold:   706        SH:  0    Dex: 20    Spells: 7/21 levels left

rFire    . . .     SeeInvis .   b - +8 flail of Yxtin {flame, Str+2 Dex+4}
rCold    . . .     Gourm    .   (no shield)
rNeg     . . .     Faith    .   G - +0 robe
rPois    .         Spirit   .   F - +1 helmet
rElec    .         Reflect  .   r - +2 cloak of Somewhere Else {Str+4}
rCorr    .         Harm     .   J - +0 pair of gloves
MR       +....                  (no boots)
Stlth    ++........             (no amulet)
HPRegen  0.26/turn              V - +5 ring of protection
MPRegen  0.18/turn              L - +5 ring of protection

@: no status effects
A: high mp 1
a: no special abilities


You were on level 2 of the Lair of Beasts.
You were near starving.

You visited 2 branches of the dungeon, and saw 13 of its levels.
You also visited: Bailey.

You collected 796 gold pieces.
You spent 90 gold pieces at shops.

Inventory:

Hand Weapons
 b - the +8 flail of Yxtin (weapon) {flame, Str+2 Dex+4}
   (You acquired it on level 2 of the Lair of Beasts)

   It has been specially enchanted to burn those struck by it, causing extra
   injury to most foes and up to half again as much damage against particularly
   susceptible opponents.
   It affects your strength (+2).
   It affects your dexterity (+4).
 g - a +0 blowgun
 k - a +0 whip of electrocution
Missiles
 t - a throwing net (quivered)
 O - 4 curare-tipped needles
Armour
 r - the +2 cloak of Somewhere Else (worn) {Str+4}
   (You found it on level 2 of the Lair of Beasts)

   It affects your strength (+4).
 w - the +2 chain mail of the Moon {rPois Int+4 SInv}
   (You found it on level 6 of the Dungeon)

   It affects your intelligence (+4).
   It protects you from poison.
   It lets you see invisible.
 x - the +2 pair of gloves of Exclusion {rC- Int+5}
   (You acquired it in a bailey)

   It affects your intelligence (+5).
   It makes you vulnerable to cold.
 F - a +1 helmet (worn)
 G - a +0 robe (worn)
 J - a +0 pair of gloves (worn)
Magical Staves
 a - an uncursed staff of poison
Jewellery
 d - the ring of Beauty {rN+ MR+ Int+3 Dex-4}
   (You found it on level 10 of the Dungeon)

   [ring of intelligence]

   It affects your intelligence (+3).
   It affects your dexterity (-4).
   It protects you from negative energy.
   It affects your resistance to hostile enchantments.
 f - an uncursed ring of protection from fire
 m - an uncursed ring of protection from magic
 L - a +5 ring of protection (right hand)
 V - a +5 ring of protection (left hand)
Wands
 o - a wand of polymorph (5/24)
 Z - a wand of disintegration (13/24)
Scrolls
 e - 3 scrolls of magic mapping
 E - 5 scrolls of remove curse
 H - 3 scrolls of enchant armour
 I - a scroll of fog
 N - 3 scrolls of blinking
 Q - 2 scrolls of recharging
 R - a scroll of identify
 S - 8 scrolls of teleportation
 U - a scroll of amnesia
Potions
 j - 2 potions of mutation
 l - 7 potions of curing
 n - 4 potions of agility
 p - 2 potions of might
 v - 2 potions of ambrosia
 B - 3 potions of heal wounds
 D - a potion of brilliance
 P - a potion of cancellation
 T - a potion of flight
Books
 A - a book of Necromancy

   Spells                             Type                      Level
   a - Pain                           Necromancy                   1
   b - Animate Skeleton               Necromancy                   1
   c - Vampiric Draining              Necromancy                   3
   d - Regeneration                   Charms/Necromancy            3
   e - Animate Dead                   Necromancy                   4
   f - Control Undead                 Necromancy                   4
 W - a book of Battle

   Spells                             Type                      Level
   a - Infusion                       Charms                       1
   b - Shroud of Golubria             Charms/Translocation         2
   c - Song of Slaying                Charms                       2
   d - Spectral Weapon                Hexes/Charms                 3
   e - Regeneration                   Charms/Necromancy            3
Miscellaneous
 C - a phial of floods (inert)
Comestibles
 c - 7 bread rations
 i - 9 meat rations
 u - 15 fruits
 K - 7 royal jellies


   Skills:
 + Level 7.5 Fighting
 - Level 12.0 Maces & Flails
 - Level 8.0 Dodging
 - Level 1.7 Stealth
 - Level 5.0 Spellcasting
 - Level 7.0 Conjurations
 - Level 7.0 Poison Magic


You had 7 spell levels left.
You knew the following spells:

 Your Spells              Type           Power        Failure   Level  Hunger
a - Sting                 Conj/Pois      ####         1%          1    None
b - Poisonous Vapours     Pois/Air       ####..       2%          2    None
c - Venom Bolt            Conj/Pois      #####.....   11%         5    #####..
e - Regeneration          Chrm/Necr      #.........   22%         3    #......
m - Mephitic Cloud        Conj/Pois/Air  ####....     3%          3    #......


Dungeon Overview and Level Annotations

Branches:
Dungeon (11/15)            Temple (0/1) D:7            Lair (2/6) D:10
 Spider (0/4) Lair:2          Orc (0/2) D:9
  Swamp: Lair:2-4    Shoals: Lair:2-4

Shops:
D:5 (   D:11 *

Annotations:
Lair:1 exclusion: hydra


Innate Abilities, Weirdness & Mutations

You have an increased reservoir of magic. (+10% MP)


Message History

Press: ? - help, v - describe, . - travel
Here: a seven-headed hydra (severely wounded)
The floor, spattered with blood.
You sock the seven-headed hydra! You burn the seven-headed hydra!
The seven-headed hydra is almost dead.
The seven-headed hydra bites you but does no damage.
The seven-headed hydra closely misses you.
The seven-headed hydra barely misses you.
The seven-headed hydra bites you but does no damage. x2
The seven-headed hydra bites you.
* * * LOW HITPOINT WARNING * * *
The seven-headed hydra barely misses you.
You thump the seven-headed hydra! You burn the seven-headed hydra.
You kill the seven-headed hydra!
Unknown command.
i - 9 meat rations (gained 1)
You start resting.
You start resting.
You are near starving!
Are you sure you want to abandon this character and quit the game? (Confirm with "yes".)

#........#.#.###
##...#.#.#.#.#..#
#######P..#...#.#...#### #
#######..#.###...#.....#.#...####
................#.#.#.#...#......
P.P................#.#.#.#.......
.....[..........#.....#.#........
.................#.#.#.#.#.......
..#.............@.#.#........>...
.................#...#...#(......
............###.#...#.#.#........
..........### ##.#...#.#.#.......
.........## .................
..P.......# ......#..##......
.........## ##.................
..........# #P.....#....#......
..........# ##P..(......#......


There were no monsters in sight!

Vanquished Creatures
  An orc warlord (Bailey)
  Harold (D:11)
  2 hydras
  Erica (D:9)
  A centaur warrior (D:10)
  A two-headed ogre (D:11)
  Urug (Lair:2)
  Pikel (D:6)
  4 orc knights (Bailey)
  An ugly thing (D:11)
  A cyclops (D:11)
  A gargoyle (D:11)
  A spiny frog (Lair:2)
  3 komodo dragons
  A hornet (D:9)
  5 hippogriffs
  2 redbacks (Lair:2)
  A human (D:7)
  A wyvern (D:11)
  A basilisk (Lair:2)
  A wraith (D:10)
  10 yaks
  4 hogs (D:7)
  A hungry ghost (D:10)
  A soldier ant (D:10)
  5 water moccasins
  Duvessa (D:6)
  A porcupine (Lair:1)
  13 orc warriors
  3 sky beasts
  2 slaves (D:6)
  2 black bears
  6 ogres
  2 ice beasts
  2 phantoms
  7 centaurs
  5 crocodiles
  18 bullfrogs
  2 big kobolds
  A wyvern zombie (D:11)
  Dowan (D:6)
  A wyvern skeleton (D:7)
  2 scorpions
  3 wights (D:11)
  4 howler monkeys
  7 hounds
  A quasit (D:8)
  4 crimson imps
  4 jellies
  3 bullfrog zombies
  Crazy Yiuf (D:3)
  2 bullfrog skeletons (D:9)
  4 orc priests
  7 worker ants
  4 iguanas
  10 orc wizards
  A worker ant zombie (D:8)
  Robin (D:3)
  9 gnolls (Bailey)
  A howler monkey skeleton (D:4)
  15 adders
  2 shadow imps
  An ooze (D:4)
  An adder skeleton (D:3)
  3 worms
  3 dart slugs
  3 leopard geckos
  50 orcs
  4 ball pythons
  4 bats
  4 giant cockroaches
  36 goblins
  21 hobgoblins
  10 jackals
  13 kobolds
  6 quokkas
  4 frilled lizards
  A giant cockroach zombie (D:5)
  A jackal skeleton (D:6)
  A leopard gecko skeleton (D:8)
  A quokka zombie (D:9)
  11 rats
383 creatures vanquished.

Vanquished Creatures (collateral kills)
  A swamp drake (D:9)
  An orc (D:9)
2 creatures vanquished.

Grand Total: 385 creatures vanquished

Notes
Turn   | Place    | Note
-------+----------+-------------------------------------------
     0 | D:1      | removed the Demigod Venom Mage began the quest for the Orb.
     0 | D:1      | Reached XP level 1. HP: 14/14 MP: 5/5
    49 | D:1      | Reached skill level 1 in Conjurations
   308 | D:1      | Reached XP level 2. HP: 20/20 MP: 0/7
   608 | D:1      | Learned a level 2 spell: Poisonous Vapours
  1068 | D:1      | Reached XP level 3. HP: 23/26 MP: 3/8
  1619 | D:2      | Noticed an ogre
  1804 | D:2      | Found a faded altar of an unknown god.
  1950 | D:2      | Killed an ogre
  1950 | D:2      | Reached XP level 4. HP: 33/33 MP: 4/9
  2373 | D:3      | Found an iron altar of Okawaru.
  2655 | D:3      | Found a hide-covered altar of Uskayaw.
  2664 | D:3      | Noticed a hand axe
  2664 | D:3      | Noticed a hand axe
  2878 | D:3      | Reached XP level 5. HP: 38/38 MP: 3/10
  3079 | D:3      | Noticed Robin
  3113 | D:3      | Killed Robin
  3448 | D:3      | Found a runed door.
  3775 | D:3      | Noticed Crazy Yiuf
  3796 | D:3      | Killed Crazy Yiuf
  4020 | D:4      | Reached XP level 6. HP: 45/45 MP: 7/11
  4210 | D:4      | Found a burning altar of Makhleb.
  4338 | D:4      | Learned a level 3 spell: Mephitic Cloud
  4535 | D:4      | Reached skill level 5 in Conjurations
  4535 | D:4      | Reached skill level 5 in Poison Magic
  4916 | D:5      | Entered Level 5 of the Dungeon
  5438 | D:5      | Reached XP level 7. HP: 50/50 MP: 8/15
  5449 | D:5      | Found a shimmering altar of Xom.
  5499 | D:5      | Reached skill level 1 in Fighting
  5635 | D:5      | Found Gewydyoch's Weapon Boutique.
  5795 | D:5      | Found an opulent altar of Gozag.
  5929 | D:5      | Bought a +0 whip of electrocution for 90 gold pieces
  6157 | D:6      | Noticed Dowan
  6159 | D:6      | Noticed Duvessa
  6176 | D:6      | Killed Duvessa
  6182 | D:6      | Killed Dowan
  6760 | D:6      | Reached XP level 8. HP: 65/66 MP: 13/16
  6831 | D:6      | Noticed Pikel
  6848 | D:6      | Killed Pikel
  6976 | D:6      | Found an ornate altar of the Wu Jian Council.
  7188 | D:6      | Got a slimy chain mail
  7684 | D:7      | Reached XP level 9. HP: 71/71 MP: 2/17
  7728 | D:7      | Found a flagged portal.
  7805 | Bailey   | Entered a bailey
  8700 | Bailey   | Reached skill level 5 in Spellcasting
  8907 | Bailey   | Noticed an orc knight
  8954 | Bailey   | Killed an orc knight
  8954 | Bailey   | Reached skill level 5 in Fighting
  9309 | Bailey   | Noticed an orc warlord
  9310 | Bailey   | Noticed an orc knight
  9391 | Bailey   | Noticed an orc knight
  9407 | Bailey   | Identified 2 scrolls of acquirement
  9408 | Bailey   | Got a pair of scorched gloves
  9433 | Bailey   | Learned a level 5 spell: Venom Bolt
  9437 | Bailey   | Learned a level 3 spell: Regeneration
  9477 | Bailey   | Identified the +2 pair of gloves of Exclusion {rC- Int+5} (You acquired it in a bailey)
  9509 | Bailey   | Noticed an orc knight
  9516 | Bailey   | Killed an orc knight
  9516 | Bailey   | Reached skill level 5 in Dodging
  9540 | Bailey   | Killed an orc knight
  9556 | Bailey   | Killed an orc warlord
  9556 | Bailey   | Reached XP level 10. HP: 48/81 MP: 1/21
  9669 | Bailey   | Killed an orc knight
 10060 | D:7      | Found a shattered altar of Ashenzari.
 10183 | D:7      | Found a staircase to the Ecumenical Temple.
 10377 | D:7      | You fall through a shaft for 2 floors!
 10953 | D:8      | Reached skill level 1 in Maces & Flails
 11032 | D:8      | Reached skill level 2 in Maces & Flails
 11469 | D:7      | Found a white marble altar of Elyvilon.
 11727 | D:7      | Reached skill level 3 in Maces & Flails
 11993 | D:9      | Reached skill level 4 in Maces & Flails
 12502 | D:9      | Found a staircase to the Orcish Mines.
 12599 | D:9      | Reached skill level 5 in Maces & Flails
 12612 | D:9      | Noticed Erica
 12634 | D:9      | Killed Erica
 12634 | D:9      | Reached XP level 11. HP: 92/92 MP: 4/22
 12743 | D:9      | Reached skill level 6 in Maces & Flails
 12786 | D:9      | Found a shadowy altar of Dithmenos.
 13182 | D:10     | Entered Level 10 of the Dungeon
 13348 | D:10     | Noticed a centaur warrior
 13369 | D:10     | Killed a centaur warrior
 13369 | D:10     | Reached skill level 7 in Maces & Flails
 13631 | D:10     | Got a shimmering bronze ring
 13762 | D:10     | Found a staircase to the Lair.
 13833 | D:10     | Found a glowing golden altar of the Shining One.
 14197 | D:10     | Identified the +2 chain mail of the Moon {rPois Int+4 SInv} (You found it on level 6 of the Dungeon)
 14218 | D:10     | Identified the ring of Beauty {rN+ MR+ Int+3 Dex-4} (You found it on level 10 of the Dungeon)
 14486 | D:11     | Reached skill level 8 in Maces & Flails
 14614 | D:11     | Noticed a two-headed ogre
 14633 | D:11     | Killed a two-headed ogre
 14841 | D:11     | Reached skill level 9 in Maces & Flails
 15050 | D:11     | Found Aqiub's Serpentskin Sales.
 15240 | D:11     | Noticed Harold
 16171 | D:11     | Reached skill level 10 in Maces & Flails
 16593 | D:11     | Killed Harold
 17045 | Lair:1   | Entered Level 1 of the Lair of Beasts
 17549 | Lair:1   | Noticed a six-headed hydra
 17847 | Lair:1   | Reached skill level 11 in Maces & Flails
 17847 | Lair:1   | Reached XP level 12. HP: 100/100 MP: 18/23
 17924 | Lair:1   | Noticed a seven-headed hydra
 17952 | Lair:1   | Killed a seven-headed hydra
 18189 | Lair:2   | Noticed a seven-headed hydra
 18506 | Lair:2   | Noticed Urug
 18709 | Lair:2   | Got an encrusted cloak
 18720 | Lair:2   | Identified the +2 cloak of Somewhere Else {Str+4} (You found it on level 2 of the Lair of Beasts)
 19424 | Lair:2   | Killed Urug
 19490 | Lair:2   | Found a hole to the Spider Nest.
 19499 | Lair:2   | Reached skill level 12 in Maces & Flails
 19510 | Lair:2   | Got a faintly glowing flail
 19512 | Lair:2   | Identified the +8 flail of Yxtin {flame, Str+2 Dex+4} (You acquired it on level 2 of the Lair of Beasts)
 19922 | Lair:2   | Killed a seven-headed hydra
 20075 | Lair:2   | Quit the game

Vault maps used:
D:1:      dpeg_arrival_more_subterranean_lakeside_camping, hangedman_glass_teeth
D:2:      first_bread, chequers_ecumenical_altar_simple, minmay_cut_off
D:3:      kennysheep_big_flooded_room, kennysheep_okawaru_gauntlet,
          dancing_weapons_uskayaw, uniq_robin, uniq_crazy_yiuf_cottage
D:4:      kennysheep_mini, kennysheep_generic_room_5
D:5:      kennysheep_mini_moat, nicolae_overflow_crystal_walls, serial_shops,
          nicolae_shop_behind_doors, minivault_5, grunt_decor_mini_mirrors
D:6:      kennysheep_little_box, uniq_pikel, uniq_duvessa
D:7:      overflow_temple_1_default, marbit_many_paths,
          minmay_temple_entry_enclosed_plants, enter_bailey_3, grunt_livestock
D:8:      cheibrodos_quashed
D:9:      erik_orc_1, grunt_dithmenos_smoke, uniq_erica
D:10:     lair_entry_dummy, minmay_misc_feat_diagonals, tso_metal_star
D:11:     guppyfry_shop_venom, uniq_harold
Lair:1:   hibernation_bobbens
Lair:2:   spider_nest_entry_a, minivault_23, serial_bayou_shore_b, uniq_urug
Bailey:   bailey_axe_minmay_hex_keep, bailey

Skill      XL: |  1  2  3  4  5  6  7  8  9 10 11 12 |
---------------+-------------------------------------+-----
Conjurations   | 2 3 4 5 6 7 |  7.0
Poison Magic   | 3 4 5 7 |  7.0
Spellcasting   | 3 5 |  5.0
Fighting       | 3 5 7 |  7.5
Dodging        | 3 8 |  8.0
Maces & Flails | 5 11 12 | 12.0
Stealth        | |  1.7

Action                   |  1- 3 |  4- 6 |  7- 9 | 10-12 || total
-------------------------+-------+-------+-------+-------++-------
Melee: Short sword       |       |     9 |       |       ||     9
       Spear             |       |    23 |       |       ||    23
       Whip              |       |       |   104 |   526 ||   630
       Staff             |       |       |     3 |    44 ||    47
       Dagger            |       |       |    10 |       ||    10
       Flail             |       |       |       |     9 ||     9
 Fire: Blowgun           |       |       |       |     1 ||     1
 Cast: Sting             |    97 |   125 |    93 |   126 ||   441
       Poisonous Vapours |     2 |    27 |   154 |   206 ||   389
       Mephitic Cloud    |       |       |     9 |    16 ||    25
       Venom Bolt        |       |       |     3 |       ||     3
       Regeneration      |       |       |     2 |     1 ||     3
Evoke: Wand              |       |       |     4 |     6 ||    10
       Phial of floods   |       |       |       |     1 ||     1
  Use: Scroll            |       |    13 |     6 |    18 ||    37
       Potion            |       |       |    14 |     4 ||    18
 Stab: Sleeping          |       |     2 |       |     3 ||     5
       Confused          |       |       |     1 |       ||     1
       Invisible         |       |       |       |     4 ||     4
  Eat: Chunk             |     5 |    16 |    14 |    25 ||    60
       Bread ration      |       |       |       |     1 ||     1
       Royal jelly       |       |       |       |     2 ||     2
       Fruit             |       |       |       |     1 ||     1
Armor: Robe              |     2 |    14 |    78 |   149 ||   243
       Skin              |       |       |       |    34 ||    34
Dodge: Dodged            |     7 |    23 |   161 |   450 ||   641

Table legend:
 A = Spawn XP
 B = Non-spawn XP
 C = Spawn XP percentage of total XP
 D = Spawn monster count
 E = Non-spawn monster count
 F = Spawn count percentage of total count
 G = Total turns spent on level
                    A         B        C        D         E        F      G
               +---------+---------+-------+---------+---------+-------+---------
         Total |       0 |   31297 |   0.0 |       0 |     383 |   0.0 | 20075
               +---------+---------+-------+---------+---------+-------+---------
           D:1 |       0 |      50 |   0.0 |       0 |      29 |   0.0 |  1358
           D:2 |       0 |     155 |   0.0 |       0 |      15 |   0.0 |  1099
           D:3 |       0 |     178 |   0.0 |       0 |      32 |   0.0 |  1443
           D:4 |       0 |     347 |   0.0 |       0 |      18 |   0.0 |  1016
           D:5 |       0 |     350 |   0.0 |       0 |      10 |   0.0 |  1042
           D:6 |       0 |    1683 |   0.0 |       0 |      26 |   0.0 |  1467
           D:7 |       0 |    2055 |   0.0 |       0 |      36 |   0.0 |  1303
           D:8 |       0 |     821 |   0.0 |       0 |      18 |   0.0 |  1059
           D:9 |       0 |    3209 |   0.0 |       0 |      40 |   0.0 |  1319
          D:10 |       0 |    2953 |   0.0 |       0 |      20 |   0.0 |  1526
          D:11 |       0 |    7115 |   0.0 |       0 |      47 |   0.0 |  2385
        Lair:1 |       0 |    2620 |   0.0 |       0 |       9 |   0.0 |  1401
        Lair:2 |       0 |    4171 |   0.0 |       0 |      14 |   0.0 |  1560
        Bailey |       0 |    5590 |   0.0 |       0 |      69 |   0.0 |  2097
               +---------+---------+-------+---------+---------+-------+---------
